 Dungeon Crawl Stone Soup version 0.16-a0-324-g99bef82 (webtiles) character file.

116 Conn321 the Grave Robber (level 4, -10/24 HPs)
             Began as a Deep Elf Necromancer on Sept 3, 2014.
             Killed from afar by braks' ghost (21 damage)
             ... with a spray of energy
             ... on Level 3 of the Dungeon.
             The game lasted 00:15:44 (2512 turns).

Conn321 the Grave Robber (Deep Elf Necromancer)     Turns: 2512, Time: 00:15:44

HP -10/24        AC  2     Str  5      XL: 4   Next: 70%
MP   8/16        EV 12     Int 21      God:
Gold 185         SH  3     Dex 15      Spells:  3 memorised,  4 levels left

rFire  . . .     SeeInvis .     o - +1 short sword (venom)
rCold  + . .     Clarity  .     a - +0 robe
rNeg   . . .     rCorr    .     u - +0 buckler
rPois  .         rRot     .     (no helmet)
rElec  .         Spirit   .     (no cloak)
SustAb .         Warding  .     (no gloves)
rMut   .         Stasis   .     (no boots)
Gourm  .                        (no amulet)
MR     .....                    (no ring)
                                s - ring of protection from cold

@: not resistant to hostile enchantments, unstealthy
A: no striking features
a: no special abilities


You were on level 3 of the Dungeon.
You were not hungry.

You visited 1 branch of the dungeon, and saw 3 of its levels.

You collected 185 gold pieces.

Inventory:

Hand weapons
 e - a +0 hunting sling
 g - a +0 dagger
 o - a +1 short sword of venom (weapon)
 x - a +0 blowgun
Missiles
 j - 18 bolts
 k - 21 arrows
 l - 27 stones (quivered)
 v - 16 sling bullets
 y - 16 poisoned needles
Armour
 a - a +0 robe (worn)
 u - a +0 buckler (worn)
Magical devices
 m - a wand of frost (13)
Comestibles
 c - 5 bread rations
 h - 5 fruits
 z - a royal jelly
Scrolls
 d - 3 scrolls of identify
 f - 2 scrolls of enchant weapon
 n - a scroll of fear {unknown}
 p - a scroll of random uselessness {unknown}
Jewellery
 s - a ring of protection from cold (left hand)
 t - an uncursed ring of ice {unknown}
Potions
 q - a potion of flight {unknown}
 r - a potion of poison {unknown}
 w - a potion of restore abilities {unknown}
Books
 b - a book of Necromancy

   Spells                             Type                      Level
   *Pain                              Necromancy                   1
   Animate Skeleton                   Necromancy                   1
   *Vampiric Draining                 Necromancy                   3
   Regeneration                       Charms/Necromancy            3
   *Animate Dead                      Necromancy                   4
   Control Undead                     Necromancy                   4


   Skills:
 + Level 2.8 Dodging
 + Level 2.7 Stealth
 + Level 0.1 Unarmed Combat
 + Level 4.8 Spellcasting
 + Level 6.1 Necromancy


You had 4 spell levels left.
You knew the following spells:

 Your Spells              Type           Power        Failure   Level  Hunger
a - Pain                  Necr           ####         1%          1    None
b - Vampiric Draining     Necr           ####......   3%          3    ##.....
c - Animate Dead          Necr           N/A          12%         4    ####...


Dungeon Overview and Level Annotations

Branches:
Dungeon (3/15)

Altars:

Annotations:
D:3 braks' ghost, average DrCj


Message History

a whip; a chain mail; a hand axe; a scale mail; an orc corpse
Okay, then.
Read which item? (? for menu, Esc to quit)
As you read the scroll labeled SEHIRPHUDOAL, it crumbles to dust.
It is a scroll of identify.
Identify which item? (\ to view known items) (? for menu, Esc to quit)
m - a wand of frost (13) Braks' ghost points at you and mumbles some strange words.
The magic dart hits you!
Drink which item? (? for menu, Esc to quit)
Okay, then.
Read which item? (? for menu, Esc to quit)
As you read the scroll labeled GHAIMOT WINAF, it crumbles to dust.
It is a scroll of enchant weapon.
Enchant which weapon? (? for menu, Esc to quit)
Your +0 short sword of venom glows red for a moment.
Braks' ghost casts a spell at you. The spray of energy hits you!
Ouch! That really hurt!
You die...

......# #..
..........##.######
.###.## #.#
##.#####..##.# ###
.....# #.#
#...........####..
###..# #.#
#.#####........... #..##
#.# #.# #.##..####..
#...# #.#####.#
#.##).###... ##..#
#.##....# #..........#
#..# #.##.##.#
#.##..####.# #..#
#.##.##@#####.##..####.#
#..#
#.##.##.)...............
#..#
#.....W..[)............#
#..#
####....#.###.##########
#..## #..)##..# #.#
#..># #.....#......#
#.#.# ##...##...[#.#
#.#.# ##....#.#....
#.#.# ###)##...###


You could see braks' ghost.

Vanquished Creatures
  4 adders
  2 worms
  A giant gecko (D:2)
  4 orcs (D:3)
  6 giant cockroaches
  6 goblins
  3 hobgoblins
  2 jackals (D:3)
  An ooze (D:1)
  11 bats
  4 giant newts
  10 kobolds
  A quokka (D:3)
  6 rats
61 creatures vanquished.

Vanquished Creatures (collateral kills)
  An orc (D:3)
1 creature vanquished.

Vanquished Creatures (others)
  2 orc zombies (D:3)
2 creatures vanquished.

Grand Total: 64 creatures vanquished

Notes
Turn   | Place    | Note
--------------------------------------------------------------
     0 | D:1      | Conn321, the Deep Elf Necromancer, began the quest for the Orb.
     0 | D:1      | Reached XP level 1. HP: 10/10 MP: 5/5
    69 | D:1      | Reached skill level 5 in Necromancy
   465 | D:1      | Reached XP level 2. HP: 10/15 MP: 6/8
  1113 | D:2      | Reached XP level 3. HP: 12/19 MP: 6/11
  1232 | D:2      | Learned a level 3 spell: Vampiric Draining
  1572 | D:3      | Noticed braks' ghost (average DrCj)
  2011 | D:3      | Reached XP level 4. HP: 16/24 MP: 13/15
  2210 | D:3      | Reached skill level 6 in Necromancy
  2465 | D:3      | Learned a level 4 spell: Animate Dead
  2512 | D:3      | Killed from afar by braks' ghost

Action                   |  1- 3 |  4- 6 || total
-------------------------+-------+-------++-------
Melee: Unarmed           |    17 |       ||    17
       Short sword       |    14 |     2 ||    16
       Dagger            |     2 |       ||     2
 Cast: Pain              |    59 |    27 ||    86
       Vampiric Draining |     4 |       ||     4
       Animate Dead      |       |     2 ||     2
  Use: Potion            |     1 |     1 ||     2
       Scroll            |       |     2 ||     2
 Stab: Sleeping          |     1 |       ||     1
  Eat: Chunk             |     3 |     2 ||     5
